 Dungeon Crawl Stone Soup version 0.20.0-15-g7f486f2 (webtiles) character file.

1390 dvd the Chopper (level 8, -5/85 HPs)
             Began as a Troll Gladiator on June 10, 2017.
             Killed from afar by an orc wizard (10 damage)
             ... with a magic dart
             ... on level 6 of the Dungeon.
             The game lasted 00:09:53 (4535 turns).

dvd the Chopper (Troll Gladiator)                   Turns: 4535, Time: 00:09:54

Health: -5/85      AC:  5    Str: 23    XL:     8   Next: 40%
Magic:  0/7        EV: 12    Int:  4    God:
Gold:   274        SH:  0    Dex: 13    Spells: 7/7 levels left

rFire    . . .     SeeInvis .   a - +0 war axe
rCold    . . .     Gourm    +   (no shield)
rNeg     . . .     Faith    .   b - +0 robe
rPois    +         Spirit   +   c - +0 hat
rElec    .         Reflect  .   (no cloak)
rCorr    .         Harm     .   (gloves unavailable)
MR       .....                  (boots unavailable)
Stlth    ++........             A - amulet of guardian spirit
Regen    0.7/turn               B - ring of poison resistance
MPRegen  0.1/turn               (no ring)

@: no status effects
A: unfitting armour, antennae 1, claws 3, fast metabolism 3, gourmand,
regeneration 1, robust 1, shaggy fur 1, tough skin 2
a: no special abilities


You were on level 6 of the Dungeon.
You were not hungry.

You visited 2 branches of the dungeon, and saw 7 of its levels.

You collected 274 gold pieces.

Inventory:

Hand Weapons
 a - a +0 war axe (weapon)
 y - a +0 giant spiked club
Armour
 b - a +0 robe (worn)
 c - a +0 hat (worn)
Jewellery
 A - an amulet of guardian spirit (around neck)
 B - a ring of poison resistance (left claw)
 E - an uncursed amulet of magic regeneration {unknown}
Scrolls
 d - 2 scrolls of teleportation {unknown}
 i - 2 scrolls of fear {unknown}
 k - 4 scrolls of amnesia {unknown}
 m - 2 scrolls of blinking
 o - 2 scrolls of immolation {unknown}
 p - 5 scrolls of identify
 s - a scroll of remove curse
 t - 2 scrolls of recharging {unknown}
 x - 2 scrolls of fog {unknown}
 z - 2 scrolls of magic mapping
 D - a scroll of noise {unknown}
Potions
 e - a potion of curing
 g - 2 potions of mutation
 j - a potion of heal wounds
 l - a potion of haste
 C - a potion of magic {unknown}
Books
 h - a book of Conjurations

   Spells                             Type                      Level
   a - Magic Dart                     Conjuration                  1
   b - Searing Ray                    Conjuration                  2
   c - Dazzling Spray                 Conjuration/Hexes            3
   d - Fulminant Prism                Conjuration/Hexes            4
   e - Force Lance                    Conjuration/Translocation    4
   f - Iskenderun's Mystic Blast      Conjuration                  4
 n - a book of Spatial Translocations

   Spells                             Type                      Level
   a - Blink                          Translocation                2
   b - Shroud of Golubria             Charms/Translocation         2
   c - Lesser Beckoning               Translocation                3
   d - Gell's Gravitas                Translocation                3
   e - Teleport Other                 Translocation                3
   f - Passage of Golubria            Translocation                4
Comestibles
 f - 3 bread rations
 r - 5 meat rations
 u - 3 fruits
 w - 2 royal jellies


   Skills:
 + Level 4.1 Fighting
 + Level 6.7 Axes
 + Level 1.8 Throwing
 + Level 4.6 Dodging
 + Level 1.4 Stealth


You had 7 spell levels left.
You didn't know any spells.

Dungeon Overview and Level Annotations

Branches:
Dungeon (6/15)             Temple (1/1) D:5

Altars:
Ashenzari
Cheibriados
Dithmenos
Elyvilon
Hepliaklqana
Kikubaaqudgha
Makhleb
Nemelex Xobeh
Okawaru
Qazlal
Ru
Uskayaw
Xom
Yredelemnul
The Shining One


Innate Abilities, Weirdness & Mutations

You are too large for most types of armour.
You have claws for hands.
Your metabolism is lightning-fast.
You like to eat raw meat.
Your natural rate of healing is unusually fast.
You are covered in fur. (AC +1)
You have very tough skin. (AC +2)
You have a pair of small antennae on your head.
You are robust. (+10% HP)


Message History

* * * LOW HITPOINT WARNING * * *
The orc warrior hits you but does no damage.
The orc wizard hits you but does no damage.
The orc wizard gestures wildly while chanting.
The orc wizard blinks!
The orc wizard mumbles some strange words.
The orc wizard blinks!
The orc wizard points at you and mumbles some strange words.
The magic dart hits you!
* * * LOW HITPOINT WARNING * * *
The orc wizard points at you and mumbles some strange words.
The magic dart hits you!
* * * LOW HITPOINT WARNING * * *
The orc wizard is no longer moving quickly.
The orc wizard mumbles some strange words.
The orc wizard seems to speed up.
There is a stone staircase leading up here.
The orc wizard casts a spell at you. The magic dart hits you!
You die...

##.....########.# ###.
##...## ### .#### . ##.#.#
#.. ....#
###.###.#####.##.##.# ##.<##
##....#.##.##.##. ###
#..#.###.....#.##.......
##.####.###.#......#.# #)#
#........#.........#.#####.#
##.#####.....@.oo..........#
#.# ####........###.#####
####.### #........# #.#
#......# #......### #.#
#.##.#.# .......## ##.# #
#.#.## #.......# #..# #....#
#.......# #.## #.####..#
#.......# #.# #......(#
###.#####


You could see an orc warrior and an orc wizard.

Vanquished Creatures
  The ghost of dartaniar the Cudgeler, a novice MiMo of Hepliaklqana (D:6)
  Sigmund (D:5)
  3 ogres
  2 howler monkeys
  2 crimson imps (D:5)
  A centaur skeleton (D:4)
  2 hounds
  2 orc priests (D:3)
  A worker ant (D:4)
  A howler monkey skeleton (D:4)
  13 adders
  2 oozes (D:1)
  3 worms
  3 dart slugs
  5 leopard geckos
  6 orcs
  2 ball pythons
  8 giant cockroaches
  7 goblins
  5 hobgoblins
  9 jackals
  3 quokkas
  7 bats
  7 frilled lizards
  A jackal skeleton (D:4)
  3 kobolds (D:1)
  9 rats
109 creatures vanquished.

Notes
Turn   | Place    | Note
-------+----------+-------------------------------------------
     0 | D:1      | dvd the Troll Gladiator began the quest for the Orb.
     0 | D:1      | Reached XP level 1. HP: 19/19 MP: 0/0
   143 | D:1      | Reached XP level 2. HP: 27/27 MP: 1/1
   360 | D:1      | Reached skill level 3 in Axes
   363 | D:1      | Reached XP level 3. HP: 35/35 MP: 2/2
   984 | D:2      | Reached XP level 4. HP: 26/42 MP: 3/3
  1488 | D:3      | Reached skill level 4 in Axes
  1540 | D:3      | Found a burning altar of Makhleb.
  1652 | D:3      | Reached XP level 5. HP: 49/49 MP: 4/4
  2105 | D:4      | Found a sacrificial altar of Ru.
  2192 | D:4      | Reached XP level 6. HP: 47/57 MP: 5/5
  2702 | D:4      | Reached skill level 1 in Stealth
  3062 | D:5      | Entered Level 5 of the Dungeon
  3093 | D:5      | Found a hazy altar of Hepliaklqana.
  3106 | D:5      | Reached skill level 5 in Axes
  3235 | D:5      | Found a staircase to the Ecumenical Temple.
  3257 | D:5      | Reached XP level 7. HP: 55/66 MP: 4/6
  3266 | Temple   | Entered the Ecumenical Temple
  3364 | D:5      | Found a snail-covered altar of Cheibriados.
  3695 | D:5      | Noticed Sigmund
  3716 | D:5      | Gained mutation: You are robust. (+10% HP) [potion of mutation]
  3716 | D:5      | Gained mutation: You have a pair of small antennae on your head. [potion of mutation]
  3718 | D:5      | Killed Sigmund
  3836 | D:5      | Found a white marble altar of Elyvilon.
  4222 | D:6      | Found an iron altar of Okawaru.
  4232 | D:6      | Noticed dartaniar's ghost (novice MiMo)
  4350 | D:6      | Killed dartaniar's ghost
  4350 | D:6      | Reached skill level 6 in Axes
  4350 | D:6      | Reached XP level 8. HP: 23/85 MP: 1/7
  4530 | D:6      | HP: 2/85 [orc wizard/magic dart (7)]
  4535 | D:6      | Killed from afar by an orc wizard

Skill      XL: |  1  2  3  4  5  6  7  8 |
---------------+-------------------------+-----
Axes           | 3 4 5 6 |  6.7
Dodging        | 3 4 |  4.6
Fighting       | 2 3 4 |  4.1
Stealth        | 1 |  1.4
Throwing       | |  1.8

Action                   |  1- 3 |  4- 6 |  7- 9 || total
-------------------------+-------+-------+-------++-------
Melee: War axe           |   143 |   109 |    81 ||   333
       Hand axe          |       |   139 |       ||   139
Throw: Throwing net      |       |     4 |       ||     4
  Use: Scroll            |       |     4 |       ||     4
       Potion            |       |       |     7 ||     7
 Stab: Sleeping          |       |     3 |       ||     3
  Eat: Chunk             |    15 |    20 |     7 ||    42
Armor: Robe              |    89 |    96 |    13 ||   198
Dodge: Dodged            |   105 |   173 |    41 ||   319
